AoeStats
← V. Leonghis

Arena

509317396Analyzed
1v1 RM · 7d ago on Sep 26, 2026· 49m 4s· 2 players
Game mode
Random Map
Map size
Tiny (2 player)
Population
200
Speed
Normal
Resources
Standard
Victory
Conquest
Starting age
Dark Age
Ending age
Imperial Age
RankedLock teamsTeams togetherTeam positionsShared explorationLock speedFull tech treeHidden civsTurbo modeCheats
Victory
Defeat
🇹🇷 Khmer · Türkiye
861
+14
🇺🇦 Varangians · Ukraine
815
-14
number17___
11:04 Feudal Age
12:14 Loom
15:13 Castle Age
13:21 Horse Collar
13:56 Double-Bit Axe
17:32 Heavy Plow
22:06 Gold Mining
29:50 Imperial Age
27:11 Town Watch
28:26 Bloodlines
28:17 Husbandry
29:48 Murder Holes
30:04 Cavalier
31:14 Scale Barding Armor
34:12 Chain Barding Armor
35:50 Conscription
36:25 Guilds
37:19 Plate Barding Armor
36:55 Forging
37:15 Onager
40:01 Chemistry
39:53 Siege Engineers
45:08 Vendel Legacy
48:39 Iron Casting
V. Leonghis
10:15 Feudal Age
10:41 Loom
13:47 Castle Age
12:32 Double-Bit Axe
13:03 Horse Collar
15:06 Wheelbarrow
17:49 Bow Saw
17:45 Heavy Plow
21:37 Man-at-Arms
25:05 Town Watch
29:48 Ballistics
32:10 Imperial Age
31:12 Stone Mining
31:25 Murder Holes
32:55 Hand Cart
33:14 Double Crossbow
35:10 Chemistry
35:13 Siege Engineers
38:07 Gold Mining
38:54 Stone Shaft Mining
39:13 Heavy Scorpion
42:25 Gold Shaft Mining
42:54 Conscription
44:57 Fortified Wall
44:57 Masonry
Connection lost

Rejoining the realm…

Still unreachable

The connection could not be restored.

Session expired

The server has moved on; the page needs a fresh start.